 Dungeon Crawl Stone Soup version 0.31-a0-196-g86fe4a5e66 (webtiles) character file.

Game seed: 4849138847127482453

8640 ytrimaz the Artisan of Death (level 11, -1/68 HPs)
             Began as a Mummy Necromancer on June 24, 2023.
             Was a Priest of Kikubaaqudgha.
             Slain by a killer bee (6 damage)
             ... on level 10 of the Dungeon.
             The game lasted 00:19:45 (12566 turns).

ytrimaz the Artisan of Death (Mummy Necromancer)   Turns: 12566, Time: 00:19:46

Health: -1/68      AC:  6    Str: 11    XL:     11   Next: 12%
Magic:  1/27       EV: 12    Int: 18    God:    Kikubaaqudgha [***...]
Gold:   624        SH:  0    Dex: 14    Spells: 17/34 levels left

rFire   . . .        q - staff of death
rCold   + + +        (no shield)
rNeg    + + +        h - +2 robe {rC+}
rPois   ∞            b - +0 helmet
rElec   .            k - scarf {rC+ rF+}
rCorr   .            (no gloves)
SInv    .            c - +0 pair of boots
Will    +....        (no amulet)
Stlth   ++           p - ring of wizardry
HPRegen 0.31/turn    (no ring)
MPRegen 0.20/turn

%: faith, wizardry (x1)
@: animating dead
A: cold resistance 1, negative energy resistance 3, torment resistance 2, heat
vulnerability 1, in touch with death 1, no potions, faith
a: Renounce Religion, Unearth Wretches


You were on level 10 of the Dungeon.
You worshipped Kikubaaqudgha.
Kikubaaqudgha was most pleased with you.
You visited 2 branches of the dungeon, and saw 11 of its levels.

You collected 624 gold pieces.


Innate Abilities, Weirdness & Mutations

You are immune to poison.
Your flesh is cold resistant. (rC+)
You are immune to negative energy. (rN+++)
You are immune to unholy pain and torment.
You are vulnerable to heat. (rF-)
You are in touch with the powers of death.
You do not drink.
You have a special connection with the divine. (Faith)


   Skills:
 - Level 1.5 Dodging
 - Level 1.5 Stealth
 + Level 12.2 Spellcasting
 * Level 14.3 Necromancy
 + Level 1.8 Evocations


You had 17 spell levels left.
You knew the following spells:

 Your Spells              Type           Power      Damage    Failure   Level
a - Necrotise             Necr           100%       1d9       0%          1
b - Vampiric Draining     Necr           96%        2d12      1%          3
c - Animate Dead          Necr           96%        N/A       1%          4
d - Agony                 Necr           96%        N/A       1%          5
e - Dispel Undead         Necr           96%        3d30      1%          4

Your spell library contained the following spells:

 Spells                   Type           Power      Damage    Failure   Level
 Kiss of Death            Conj/Necr      100%       2d13      1%          1
 Cigotuvi's Dreadful Rot  Necr/Pois/Air  100%       N/A       1%          2
 Anguish                  Hex/Necr       35%        N/A       1%          4
 Freeze                   Ice            40%        1d6       2%          1
 Ensorcelled Hibernation  Hex/Ice        20%        N/A       4%          2
 Borgnjor's Vile Clutch   Necr/Erth      35%        N/A       4%          5
 Confusing Touch          Hex            10%        N/A       8%          3
 Frozen Ramparts          Ice            20%        1d4       8%          3
 Hailstorm                Conj/Ice       10%        3d5       8%          3
 Ozocubu's Refrigeration  Ice            5%         4d8       100%        7

Inventory:

Hand Weapons
 i - a +2 whip of electrocution
   (You took it off Pikel on level 4 of the Dungeon)
Missiles
 m - a throwing net
Armour
 b - a +0 helmet (worn)
   (You found it on level 1 of the Dungeon)
 c - a +0 pair of boots (worn)
   (You found it on level 1 of the Dungeon)
 h - a +2 robe of cold resistance (worn)
   (You took it off Jessica on level 3 of the Dungeon)
 k - a scarf of resistance (worn)
   (You found it on level 4 of the Dungeon)
Magical Staves
 q - a staff of death (weapon)
   (You found it on level 9 of the Dungeon)
Jewellery
 p - a ring of wizardry (left hand)
   (You found it on level 9 of the Dungeon)
Wands
 a - a wand of light (1)
   (You found it on level 4 of the Dungeon)
 d - a wand of polymorph (4)
   (You took it off Pikel on level 4 of the Dungeon)
 j - a wand of charming (4)
   (You found it on level 7 of the Dungeon)
Scrolls
 f - 6 scrolls of identify
 g - a scroll of revelation
 n - a scroll of poison
Miscellaneous
 l - a sack of spiders (inert)
   (You found it on level 7 of the Dungeon)

Dungeon Overview and Level Annotations

Branches:
Dungeon (10/15) Zot: 26746  Temple (1/1) D:6 Zot: 5846    Lair (0/5) D:10
    Orc: D:9-12

Altars:
Ashenzari
Cheibriados
Dithmenos
Fedhas
Gozag
Hepliaklqana
Kikubaaqudgha
Makhleb
Nemelex Xobeh
Okawaru
Qazlal
Ru
Sif Muna
Trog
Uskayaw
Vehumet
Wu Jian
Xom
Yredelemnul

Shops:
D:5 *[   D:6 (

Annotations:
D:10 Snorg

#...yy#...........
#.....#...y.......
##.####..ZZ....... ..
#........... ... #..
##...y####### ... #.
#..Z.y# ..# .... #!
#.....# ..+ .....
#.....##'###+#.....
#.....y@..........#
##....y...........#
#####............#
#............#
#.....######## ###+#.....#
#######.........# ###
#.....#.........#####
...##.....#...............


You could see 2 killer bees and a friendly killer bee zombie.


Message History

You lost 3 mp, and now have 2/27 mp.
You miss the killer bee.
The killer bee stings you but does no damage.
Your killer bee zombie closely misses the killer bee.
The killer bee stings you.
The killer bee stings your killer bee zombie!
Your killer bee zombie is destroyed!
Your killer bee zombie hits the killer bee.
Your killer bee zombie barely misses the queen bee.
The killer bee stings you.
Your killer bee zombie completely misses the killer bee.
Your killer bee zombie closely misses the killer bee.
Your killer bee zombie hits the queen bee but does no damage.
The queen bee calls on the killer bee to defend it!
The killer bee goes berserk! 😮 HP[-10]
You take 10 damage, and now have 43/68 hp.
Aiming: Necrotise (safe; 0% risk of failure)
Press: ? - help, Q - select action, (/) - cycle Shift-Dir - straight line, f - killer bee
Aim: a killer bee (lightly wounded, berserk, ally target, chance to affect: 88%)
You feel a strong surge of power!
The killer bee writhes in agony.
The killer bee stings you.
The killer bee misses your killer bee zombie.
The killer bee stings you.
The killer bee stings your killer bee zombie!
Your killer bee zombie hits the killer bee!
Your killer bee zombie misses the killer bee.
Your killer bee zombie barely misses the killer bee.
Your killer bee zombie hits the queen bee.
The killer bee stings you!
* * * LOW HITPOINT WARNING * * *
The killer bee misses your killer bee zombie.
The queen bee misses your killer bee zombie.
Your killer bee zombie closely misses the killer bee.
Your killer bee zombie barely misses the killer bee.
Your killer bee zombie hits the killer bee.
Your killer bee zombie barely misses the queen bee. 😨 HP[-13]
You take 13 damage, and now have 30/68 hp.
Unknown command.
Unknown command.
Aiming: Necrotise (safe; 0% risk of failure)
Press: ? - help, Q - select action, (/) - cycle Shift-Dir - straight line, f/p - killer bee
Aim: a killer bee (severely wounded, berserk, not watching you, ally target, chance to affect: 88%)
You feel a strong surge of power!
The killer bee writhes in agony!
The killer bee stings you!
* * * LOW HITPOINT WARNING * * *
The killer bee barely misses your killer bee zombie.
The killer bee barely misses you.
The killer bee closely misses your killer bee zombie.
Your killer bee zombie misses the killer bee.
Your killer bee zombie barely misses the killer bee.
Your killer bee zombie closely misses the queen bee.
Your killer bee zombie misses the killer bee.
The killer bee stings your killer bee zombie.
The killer bee closely misses you.
The killer bee stings your killer bee zombie!
Your killer bee zombie is destroyed!
The queen bee calls on the killer bee to defend it!
The killer bee goes berserk! 😨 HP[-8] MP[-1]
You take 8 damage, and now have 22/68 hp.
You lost 1 mp, and now have 1/27 mp.
Aiming: Necrotise (safe; 0% risk of failure)
Press: ? - help, Q - select action, (/) - cycle Shift-Dir - straight line, f/p - killer bee
Aim: a killer bee (almost dead, berserk, ally target, chance to affect: 88%)
You feel a strong surge of power!
The killer bee writhes in agony.
You kill the killer bee!
Kikubaaqudgha accepts your kill.
The dead are flying!
The killer bee stings your killer bee zombie!
Your killer bee zombie is destroyed!
Your killer bee zombie misses the killer bee.
Your killer bee zombie hits the queen bee but does no damage.
The killer bee rages.
The killer bee stings you!
* * * LOW HITPOINT WARNING * * *
The killer bee misses your killer bee zombie.
The queen bee stings your killer bee zombie! 😱 HP[-8] MP[-1]
You take 8 damage, and now have 14/68 hp.
You lost 1 mp, and now have 0/27 mp.
Unknown command.
Okay, then.
Blink to where?
Press: ? - help, Dir - move target
As you read the scroll of blinking, it crumbles to dust.
The killer bee rages.
The killer bee stings your killer bee zombie.
Your killer bee zombie completely misses the killer bee. 😱 HP[+1]
You hear an angry buzzing noise. 😱 MP[+1]
You open the door. The killer bee stings you!
* * * LOW HITPOINT WARNING * * *
The killer bee closely misses you. The killer bee stings you.
* * * LOW HITPOINT WARNING * * *
The killer bee stings you.
You die...
Kikubaaqudgha rasps: "You have failed me!
Welcome... oblivion!"

Skill      XL: |  1  2  3  4  5  6  7  8  9 10 |
---------------+-------------------------------+-----
Spellcasting   | 3 4 5 6 7 8 10 12 | 12.2
Necromancy     | 5 6 8 10 12 14 | 14.3
Evocations     | 1 |  1.8
Dodging        | |  1.5
Stealth        | |  1.5

Action                     |  1- 3 |  4- 6 |  7- 9 | 10-12 || total
---------------------------+-------+-------+-------+-------++-------
  Melee: Unarmed           |    13 |    17 |       |       ||    30
         Club              |       |    27 |       |       ||    27
         Whip              |       |       |   133 |    32 ||   165
         Punch             |       |       |     2 |       ||     2
         Staff             |       |       |       |    30 ||    30
   Cast: Necrotise         |    67 |    54 |    66 |    48 ||   235
         Vampiric Draining |       |     6 |    54 |    86 ||   146
         Animate Dead      |       |       |     4 |     4 ||     8
         Agony             |       |       |     8 |    10 ||    18
         Dispel Undead     |       |       |       |     1 ||     1
  Evoke: Wand              |       |     3 |     5 |     2 ||    10
    Use: Scroll            |     4 |     4 |     4 |     4 ||    16
   Stab: Distracted        |     1 |       |       |       ||     1
         Invisible         |       |       |       |     2 ||     2
 Armour: Robe              |     7 |    56 |    52 |    69 ||   184
  Dodge: Dodged            |    22 |   127 |   106 |   158 ||   413

Levels and vault maps discovered:
D:1:      spicycebolla_arrival_xxxplode, layout_loops_ring
D:2:      layout_loops_ring, wander_ebering_terrifying_dragon_lair
D:3:      layout_basic, basic_ecumenical_altar, uniq_jessica
D:4:      layout_basic, amethyst_killhole, uniq_pikel
D:5:      layout_loops_ring, nicolae_wu_jian_wuxing_cycle, serial_shops, shop,
          minmay_shop_mayhem
D:6:      layout_basic, nicolae_uskayaw_suspiria, minmay_temple_entry_poolview,
          serial_shops, nicolae_shop_back_alley_shop, minmay_misc_feat_encased,
          uniq_menkaure, uniq_blork_the_orc, uniq_sigmund
D:7:      nzn_winding_woodlands_cross [nzn_winding_woodlands_5x15_sidewinder,
          nzn_winding_woodlands_5x15_default,
          nzn_winding_woodlands_5x15_default,
          nzn_winding_woodlands_5x15_split_checker,
          nzn_winding_woodlands_15x15_five_gardens], layout_basic,
          mainiacjoe_overflow_catch_the_wave
D:8:      layout_basic, minmay_sticks_and_stones
D:9:      layout_roguey, serial_bayou_crossing
D:10:     layout_gridville, minmay_lair_entry_grove, special_room
          [special_room_bee], uniq_snorg
Temple:   mainiacjoe_temple_coin_purse

Notes
Turn   | Place    | Note
-------+----------+-------------------------------------------
     0 | D:1      | ytrimaz the Mummy Necromancer began the quest for the Orb.
     0 | D:1      | Reached XP level 1. HP: 13/13 MP: 4/4
     0 | D:1      | magus.rc [v1.9.6]
   304 | D:1      | Reached skill level 3 in Spellcasting
   304 | D:1      | Reached XP level 2. HP: 19/19 MP: 3/6
  1217 | D:2      | You pick up a book of Frost and begin reading...
  1217 | D:2      | You add the spells Freeze, Frozen Ramparts and Hailstorm to
                  | your library.
  1374 | D:2      | Gained mutation: You are in touch with the powers of death.
                  | [Mummy growth]
  1374 | D:2      | Reached XP level 3. HP: 24/24 MP: 4/7
  2012 | D:3      | Found a faded altar of an unknown god.
  2305 | D:3      | Noticed Jessica
  2309 | D:3      | Killed Jessica
  2310 | D:3      | Reached skill level 5 in Necromancy
  2310 | D:3      | Reached XP level 4. HP: 30/30 MP: 5/9
  2383 | D:3      | Identified the +0 leather armour of Sloth {rN++ Int-3}
  2436 | D:3      | Learned a level 3 spell: Vampiric Draining
  2441 | D:3      | Learned a level 4 spell: Animate Dead
  3092 | D:4      | Reached skill level 4 in Spellcasting
  3113 | D:4      | HP: 7/30 [ufetubus (2)]
  3282 | D:4      | Noticed an ogre
  3288 | D:4      | Killed an ogre
  3289 | D:4      | Reached skill level 6 in Necromancy
  3289 | D:4      | Reached XP level 5. HP: 35/35 MP: 2/12
  3407 | D:4      | HP: 7/35 [ufetubus (3)]
  3410 | D:4      | HP: 3/35 [ufetubus (1)]
  3646 | D:4      | Noticed a black bear
  3655 | D:4      | Killed a black bear
  3656 | D:4      | Reached skill level 5 in Spellcasting
  3656 | D:4      | Reached XP level 6. HP: 31/41 MP: 5/13
  4024 | D:4      | Noticed Pikel
  4062 | D:4      | Killed Pikel
  4063 | D:4      | Reached skill level 6 in Spellcasting
  4063 | D:4      | Reached skill level 8 in Necromancy
  4063 | D:4      | Reached XP level 7. HP: 32/46 MP: 11/17
  4376 | D:4      | Reached skill level 7 in Spellcasting
  4376 | D:4      | Reached XP level 8. HP: 47/52 MP: 11/18
  5239 | D:5      | Entered Level 5 of the Dungeon
  5349 | D:5      | Reached skill level 9 in Necromancy
  5436 | D:5      | Found an ornate altar of the Wu Jian Council.
  5452 | D:5      | You add the spells Ensorcelled Hibernation and Ozocubu's
                  | Refrigeration to your library.
  5452 | D:5      | Got Sif Muna's Folio of Refrigeration
  5527 | D:5      | Found Huuf's Mayhem Merchandise.
  5790 | D:5      | Found Qootunni's Armour Emporium.
  6182 | D:6      | Noticed Menkaure
  6194 | D:6      | HP: 11/52 [Menkaure (18)]
  6195 | D:6      | Killed Menkaure
  6361 | D:6      | Reached skill level 8 in Spellcasting
  6444 | D:6      | Noticed Blork the orc
  6447 | D:6      | Noticed Sigmund
  6454 | D:6      | Killed Blork the orc
  6480 | D:6      | Killed Sigmund
  6481 | D:6      | Reached skill level 10 in Necromancy
  6639 | D:6      | HP: 13/52 [yak (13)]
  6643 | D:6      | Reached XP level 9. HP: 16/57 MP: 2/21
  6840 | D:6      | Found a staircase to the Ecumenical Temple.
  7009 | D:6      | Found Otrocrui's Antique Weapon Shoppe.
  7019 | D:6      | Reached skill level 9 in Spellcasting
  7330 | D:6      | Found a hide-covered altar of Uskayaw.
  7524 | Temple   | Entered the Ecumenical Temple
  7664 | Temple   | Became a worshipper of Kikubaaqudgha
  7729 | D:7      | Found a broken altar of Ashenzari.
  7763 | D:7      | Reached skill level 11 in Necromancy
  7763 | D:7      | HP: 12/57 [orc warrior/+0 halberd (14)]
  7833 | D:7      | HP: 14/57 [wight/+3 spear of freezing (5)]
  8001 | D:7      | Found a sparkling altar of Nemelex Xobeh.
  8019 | D:7      | Noticed a red ugly thing
  8036 | D:7      | Noticed a cyclops
  8137 | D:7      | Noticed a tengu warrior
  8208 | D:7      | Learned a level 5 spell: Agony
  8249 | D:7      | Killed a red ugly thing
  8365 | D:7      | Reached skill level 10 in Spellcasting
  8365 | D:7      | Reached skill level 12 in Necromancy
  8660 | D:7      | Killed a cyclops
  8676 | D:7      | Noticed a two-headed ogre
  8679 | D:7      | HP: 7/57 [two-headed ogre/+0 giant spiked club (21)]
  8679 | D:7      | HP: 2/57 [scorpion (5)]
  8874 | D:6      | Reached XP level 10. HP: 63/63 MP: 17/24
  8931 | D:7      | Killed a two-headed ogre
  9102 | D:7      | Reached * piety under Kikubaaqudgha
  9102 | D:7      | You add the spells Kiss of Death and Cigotuvi's Dreadful
                  | Rot to your library.
  9102 | D:7      | Received a gift from Kikubaaqudgha
  9468 | D:7      | Reached skill level 11 in Spellcasting
  9468 | D:7      | Reached skill level 13 in Necromancy
 10515 | D:8      | Noticed a cyclops
 10749 | D:8      | Killed a cyclops
 10931 | D:8      | You pick up a book of Touch and begin reading...
 10931 | D:8      | You add the spells Confusing Touch and Dispel Undead to
                  | your library.
 11039 | D:8      | Learned a level 4 spell: Dispel Undead
 11297 | D:9      | Reached ** piety under Kikubaaqudgha
 11856 | D:9      | Reached skill level 14 in Necromancy
 12315 | D:10     | Entered Level 10 of the Dungeon
 12321 | D:10     | Found a staircase to the Lair.
 12332 | D:10     | Reached skill level 1 in Evocations
 12335 | D:10     | Reached skill level 12 in Spellcasting
 12338 | D:10     | Reached XP level 11. HP: 68/68 MP: 1/27
 12338 | D:10     | Noticed Snorg
 12531 | D:10     | Reached *** piety under Kikubaaqudgha
 12531 | D:10     | You add the spells Anguish and Borgnjor's Vile Clutch to
                  | your library.
 12531 | D:10     | Received a gift from Kikubaaqudgha
 12562 | D:10     | HP: 14/68 [killer bee (8)]
 12566 | D:10     | HP: 6/68 [killer bee (9)]
 12566 | D:10     | Slain by a killer bee

Vanquished Creatures
  A two-headed ogre (D:7)
  Pikel (D:4)
  2 cyclopes
  An ugly thing (D:7)
  Sigmund (D:6)
  A shadow (D:9)
  A wraith (D:7)
  4 yaks
  4 wyverns
  2 steam dragons (D:7)
  Menkaure (D:6)
  An acid dragon (D:7)
  2 water moccasins
  A black bear (D:4)
  5 orc warriors
  A sky beast (D:7)
  2 ice beasts
  2 ogres
  A lemure (D:4)
  2 kobold brigands
  2 centaurs
  2 bullfrogs
  Blork the orc (D:6)
  A gnoll sergeant (D:7)
  3 scorpions
  13 killer bees
  5 howler monkeys
  4 hounds
  5 orc priests
  3 jellies
  2 gnoll boudas (D:8)
  4 iguanas
  A sleepcap (D:5)
  Jessica (D:3)
  6 orc wizards
  8 gnolls (D:8)
  5 adders
  A shadow imp (D:6)
  A white imp (D:6)
  2 ufetubi
  A worm (D:4)
  2 dart slugs
  34 orcs
  5 ball pythons
  4 endoplasms
  7 giant cockroaches
  5 goblins
  4 hobgoblins
  3 quokkas
  6 bats
  2 frilled lizards
  8 kobolds
  2 rats
189 creatures vanquished.

Vanquished Creatures (collateral kills)
  2 yaks (D:6)
  A wight (D:7)
  6 killer bees (D:10)
  A howler monkey (D:5)
  An iguana (D:10)
  An orc wizard (D:7)
  A gnoll (D:8)
  2 orcs (D:6)
  A goblin (D:4)
  A quokka (D:1)
  A frilled lizard (D:1)
18 creatures vanquished.

Vanquished Creatures (others)
  2 wyvern zombies (D:10)
  2 yak zombies (D:10)
  8 killer bee zombies (D:10)
  A hound zombie (D:6)
  6 gnoll zombies
  An iguana zombie (D:10)
  4 orc zombies
24 creatures vanquished.

Grand Total: 231 creatures vanquished

Table legend:
 A = Non-vault XP
 B = Vault XP
 C = Vault XP percentage of total XP
 D = Non-vault monster count
 E = Vault monster count
 F = Vault count percentage of total count
                 A         B        C        D         E       F
            +---------+---------+-------+---------+---------+-------
      Total |    6410 |    5933 |  48.1 |     163 |      43 |  20.9
            +---------+---------+-------+---------+---------+-------
        D:1 |      36 |       0 |   0.0 |      19 |       0 |   0.0
        D:2 |      27 |       1 |   3.6 |       9 |       1 |  10.0
        D:3 |      26 |      37 |  58.7 |       8 |       1 |  11.1
        D:4 |     684 |     685 |  50.0 |      30 |       1 |   3.2
        D:5 |     342 |       0 |   0.0 |      11 |       0 |   0.0
        D:6 |    1168 |     512 |  30.5 |      25 |       4 |  13.8
        D:7 |    1289 |    2706 |  67.7 |       6 |      19 |  76.0
        D:8 |     490 |     519 |  51.4 |      19 |       1 |   5.0
        D:9 |    1723 |       0 |   0.0 |      33 |       0 |   0.0
       D:10 |     625 |    1473 |  70.2 |       3 |      16 |  84.2
            +---------+---------+-------+---------+---------+-------

Skill      XL: |  1  2  3  4  5  6  7  8  9 10 |
---------------+-------------------------------+-----
Spellcasting   | 3 4 5 6 7 8 10 12 | 12.2
Necromancy     | 5 6 8 10 12 14 | 14.3
Evocations     | 1 |  1.8
Dodging        | |  1.5
Stealth        | |  1.5

Action                     |  1- 3 |  4- 6 |  7- 9 | 10-12 || total
---------------------------+-------+-------+-------+-------++-------
  Melee: Unarmed           |    13 |    17 |       |       ||    30
         Club              |       |    27 |       |       ||    27
         Whip              |       |       |   133 |    32 ||   165
         Punch             |       |       |     2 |       ||     2
         Staff             |       |       |       |    30 ||    30
   Cast: Necrotise         |    67 |    54 |    66 |    48 ||   235
         Vampiric Draining |       |     6 |    54 |    86 ||   146
         Animate Dead      |       |       |     4 |     4 ||     8
         Agony             |       |       |     8 |    10 ||    18
         Dispel Undead     |       |       |       |     1 ||     1
  Evoke: Wand              |       |     3 |     5 |     2 ||    10
    Use: Scroll            |     4 |     4 |     4 |     4 ||    16
   Stab: Distracted        |     1 |       |       |       ||     1
         Invisible         |       |       |       |     2 ||     2
 Armour: Robe              |     7 |    56 |    52 |    69 ||   184
  Dodge: Dodged            |    22 |   127 |   106 |   158 ||   413

Illustrated notes

Table legend:
 A = Kills in this place as a percentage of kills in the entire game.
 B = Kills by you in this place as a percentage of kills by you in the entire game.
 C = Kills by friends in this place as a percentage of kills by friends in the entire game.
 D = Other kills in this place as a percentage of other kills in the entire game.
 E = Experience gained in this place as a percentage of experience gained in the entire game.
 F = Experience gained in this place divided by the number of levels of this place that you have seen.
                   A       B       C       D       E      F
               +-------+-------+-------+-------+-------+----------------------
         Total | 100.0 | 100.0 | 100.0 |   N/A | 100.0 | 1122.1
       Dungeon | 100.0 | 100.0 | 100.0 |   N/A | 100.0 | 1234.3
               +-------+-------+-------+-------+-------+----------------------

Table legend: (Time is in decaauts)
 A = Elapsed time spent in this place.
 B = Non-inter-level travel time spent in this place.
 C = Inter-level travel time spent in this place.
 D = Time resting spent in this place.
 E = Time spent auto-exploring this place.
 F = Levels seen in this place.
 G = Mean time per level.
                   A        B        C        D        E       F      G
               +--------+--------+--------+--------+--------+-----+--------+
         Total |  12615 |  12076 |    539 |   1048 |   9221 |  11 | 1146.8 |
       Dungeon |  12461 |  11956 |    505 |   1048 |   9118 |  10 | 1246.1 |
        Temple |    153 |    119 |     34 |      0 |    103 |   1 |  153.0 |
               +--------+--------+--------+--------+--------+-----+--------+

Top non-repeatable levels by time:
     D:4: 2159 daAuts
     D:7: 2066 daAuts
     D:6: 1691 daAuts
     D:9: 1208 daAuts
     D:1: 1157 daAuts
     D:8: 1115 daAuts
     D:3: 1104 daAuts
     D:5: 876 daAuts
     D:2: 827 daAuts
    D:10: 253 daAuts
  Temple: 153 daAuts
